 Dungeon Crawl Stone Soup version 0.26-a0-365-g11c2b627af (webtiles) character file.

Game seed: 4456269504657866364

6 KristoblXynda the Conjurer (level 1, 0/15 HPs)
             Began as a Draconian Conjurer on July 18, 2020.
             Slain by a jackal (2 damage)
             ... on level 1 of the Dungeon on July 19, 2020.
             The game lasted 00:01:03 (197 turns).

KristoblXynda the Conjurer (Draconian Conjurer)      Turns: 197, Time: 00:01:04

Health: 0/15       AC:  4    Str:  8 (9)  XL:     1   Next: 75%
Magic:  1/3        EV: 11    Int: 17 (18) God:
Gold:   13         SH:  0    Dex:  6 (9)  Spells: 3/4 levels left

rFire    . . .     SeeInvis .   (no weapon)
rCold    . . .     Faith    .   (no shield)
rNeg     . . .     Spirit   .   (armour unavailable)
rPois    .         Reflect  .   (helmet restricted)
rElec    .         Harm     .   (no cloak)
rCorr    .                      (no gloves)
MR       .....                  (no boots)
Stlth    +.........             (no amulet)
HPRegen  0.05/turn              (no ring)
MPRegen  0.08/turn              (no ring)

@: brilliant
A: unfitting armour, cold-blooded, AC +4
a: no special abilities


You were on level 1 of the Dungeon.
You visited 1 branch of the dungeon, and saw 1 of its levels.

You collected 13 gold pieces.

Inventory:

Scrolls
 a - a scroll of blinking {unknown}
 b - a scroll of identify {unknown}


   Skills:
 + Level 0.7 Fighting
 - Level 1.7 Dodging
 - Level 1.7 Stealth
 + Level 2.1 Spellcasting
 + Level 4.1 Conjurations


You had 3 spell levels left.
You knew the following spells:

 Your Spells              Type           Power        Failure   Level
a - Magic Dart            Conj           ###.         3%          1

Your spell library contained the following spells:

 Spells                   Type           Power        Failure   Level
 Searing Ray              Conj           ###...       5%          2
 Dazzling Flash           Conj/Hex       ##....       24%         3
 Fulminant Prism          Conj/Hex       ##........   63%         4
 Iskenderun's Mystic Bla  Conj/Tloc      ##......     63%         4


Dungeon Overview and Level Annotations

Branches:
Dungeon (1/15)

Altars:


Innate Abilities, Weirdness & Mutations

Your plain brown scales are hard. (AC +4)
You cannot fit into any form of body armour.
You are cold-blooded and may be slowed by cold attacks.


Message History

The kobold shouts!
The jackal closely misses you. The bat barely misses you.
Found a whip.
The bat hits you but does no damage. The bat closely misses you.
The jackal barely misses you. The jackal bites you.
* * * LOW HITPOINT WARNING * * *
The bat hits you but does no damage.
Casting: Magic Dart (safe; 3% risk of failure)
Confirm with . or Enter, or press ? or * to list all spells.
Aiming: Magic Dart (safe; 3% risk of failure)
Press: ? - help, Shift-Dir - straight line, f/p - jackal
Aim: a jackal (moderately wounded)
You feel a surge of power!
The magic dart hits the bat.
You kill the bat!
The jackal closely misses you. The jackal closely misses you.
The jackal closely misses you. The jackal closely misses you.
The jackal bites you.
You die...

#.#.....=###..##.........#
#g#...... ..##.........#
##.#l..... #..#####+#####
#..#...... .. #.##......
...?...... ?
....########### [..
...l####....Kg#####.....
.........####..h@...#
....###### ######### ....#
....# ....# ....# ....#
#####


You could see a jackal, a goblin and a kobold.

Vanquished Creatures
  2 jackals (D:1)
  2 bats (D:1)
  A frilled lizard (D:1)
  A rat (D:1)
6 creatures vanquished.

Notes
Turn   | Place    | Note
-------+----------+-------------------------------------------
     0 | D:1      | KristoblXynda the Draconian Conjurer began the quest for
                  | the Orb.
     0 | D:1      | Reached XP level 1. HP: 14/14 MP: 3/3
   197 | D:1      | Slain by a jackal

Illustrated notes

Levels and vault maps discovered:
D:1:      mushboom_english_gardens, layout_rooms

Action                   || total
-------------------------++-------
Melee: Unarmed           ||    19
 Cast: Magic Dart        ||    12
  Use: Potion            ||     2
Armor: Skin              ||    16
Dodge: Dodged            ||    34

Table legend: (Time is in decaauts)
 A = Elapsed time spent in this place.
 B = Non-inter-level travel time spent in this place.
 C = Inter-level travel time spent in this place.
 D = Time resting spent in this place.
 E = Time spent auto-exploring this place.
 F = Levels seen in this place.
 G = Mean time per level.
                   A        B        C        D        E       F      G
               +--------+--------+--------+--------+--------+-----+--------+
         Total |    197 |    197 |      0 |      2 |    107 |   1 |  197.0 |
       Dungeon |    197 |    197 |      0 |      2 |    107 |   1 |  197.0 |
               +--------+--------+--------+--------+--------+-----+--------+
